 Dungeon Crawl Stone Soup version 0.30-a0-719-gcc4359ea44 (webtiles) character file.

Game seed: 2239021499997990508

553 sircluck the Covered (level 7, -1/60 HPs)
             Began as an Armataur Fighter on Jan 27, 2023.
             Killed from afar by a steam dragon (16 damage)
             ... with a ball of steam
             ... on level 7 of the Dungeon.
             The game lasted 00:15:42 (4093 turns).

sircluck the Covered (Armataur Fighter)             Turns: 4093, Time: 00:15:43

Health: -1/60      AC:  7    Str: 24    XL:     7   Next: 8%
Magic:  16/16      EV:  8    Int:  8    God:
Gold:   150        SH:  4    Dex:  9    Spells: 6/6 levels left

rFire   . . .      SeeInvis .    j - +3 dagger (venom)
rCold   . . .      Faith    .    c - +0 buckler
rNeg    . . .      Spirit   .    b - +0 scale mail
rPois   .          Reflect  .    (no helmet)
rElec   .          Harm     .    (no cloak)
rCorr   .          Roll     +    (no gloves)
Will    .....                    (no barding) Stlth
                                 (no amulet)
HPRegen 0.30/turn                f - ring of flight
MPRegen 0.15/turn                w - ring of magical power

@: flying
A: large, rugged brown scales 3, deformed body, armoured tail, roll, long
tongue, awkward tongue
a: no special abilities


You were on level 7 of the Dungeon.
You visited 1 branch of the dungeon, and saw 5 of its levels.

You collected 150 gold pieces.

Inventory:

Hand Weapons
 a - a +0 long sword
 e - a +1 sling of freezing
 j - a +3 dagger of venom (weapon)
 u - a +0 morningstar
Missiles
 k - 50 stones (quivered)
Armour
 b - a +0 scale mail (worn)
 c - a +0 buckler (worn)
 o - a +0 pair of boots
Jewellery
 f - a ring of flight (left hand)
 w - a ring of magical power (right hand)
Wands
 B - a wand of roots (1)
Scrolls
 g - 2 scrolls of identify {unknown}
 n - a scroll of noise
 p - a scroll of fog {unknown}
 q - 2 scrolls of vulnerability {unknown}
 r - 2 scrolls of teleportation {unknown}
 t - 2 scrolls of enchant weapon {unknown}
 x - 2 scrolls of immolation {unknown}
 y - a scroll of magic mapping {unknown}
 z - a scroll of amnesia {unknown}
 A - a scroll of poison {unknown}
Potions
 d - a potion of might
 h - a potion of cancellation {unknown}
 i - a potion of degeneration {unknown}
 l - 2 potions of brilliance {unknown}
 m - a potion of magic {unknown}
 v - 4 potions of attraction {unknown}


   Skills:
 + Level 3.3 Fighting
 + Level 1.5(2.6) Short Blades
 + Level 3.3(3.5) Long Blades
 + Level 6.6 Armour
 + Level 1.2 Dodging
 + Level 1.3 Stealth
 + Level 4.6 Shields
 + Level 0.1 Evocations


You had 6 spell levels left.
You didn't know any spells.
Your spell library contained the following spells:

 Spells                   Type           Power      Damage    Failure   Level
 Beastly Appendage        Tmut           0%         N/A       75%         1
 Magic Dart               Conj           0%         1d3       75%         1
 Sandblast                Erth           0%         2d4       75%         1
 Call Imp                 Summ           0%         N/A       87%         2
 Passwall                 Tmut/Erth      0%         N/A       87%         2
 Wereblood                Tmut           0%         N/A       87%         2
 Mephitic Cloud           Conj/Pois/Air  0%         N/A       98%         3
 Spider Form              Tmut/Pois      0%         N/A       98%         3
 Stone Arrow              Conj/Erth      0%         3d7       98%         3
 Manifold Assault         Tloc           0%         N/A       100%        4
 Dispersal                Tloc           0%         N/A       100%        6
 Disjunction              Tloc           0%         N/A       100%        8


Dungeon Overview and Level Annotations

Branches:
Dungeon (4/15)
 Temple: D:4-7

Altars:
Ashenzari
Gozag
Nemelex Xobeh
Vehumet


Innate Abilities, Weirdness & Mutations

You are completely covered in rugged brown scales. (AC +3, +7% HP)
Armour fits poorly on your strangely shaped body.
You have a long armoured tail.
You roll when moving toward enemies. (Rampage)
Your long tongue fully drains potion bottles. (2x potion effects)
Your tongue gives you trouble enunciating. (1.5x scroll delay)


Message History

d - a potion of might
There is an escape hatch in the floor here.
An orc comes into view. It is wielding a +0 mace.
The orc shouts!
Found 15 gold pieces.
You roll towards the orc!
An orc comes into view. It is wielding a +0 club.
The orc shouts!
You hit the orc. You tail-slap the orc.
You kill the orc!
You hear a shout! x3
You roll towards the orc!
You block the orc's attack.
You hit the orc.
The orc is poisoned.
The orc is heavily wounded.
You completely miss the orc.
The orc is heavily wounded.
The orc hits you with a +0 club.
You hit the orc.
You kill the orc! 2 orcs come into view.
The orc shouts! x2; You hear an angry hiss.
You hear a shout!
A steam dragon comes into view.
The orc moves out of view.
Things that are here:
a +0 club; a +0 leather armour The orc hits you but does no damage.
You roll towards the orc!
You hit the orc.
The orc is poisoned.
The orc is heavily wounded.
The orc barely misses you. The orc hits you but does no damage.
The steam dragon breathes steam at you.
The ball of steam hits the orc!
The orc dies!
The ball of steam hits you!
* * * LOW HITPOINT WARNING * * *
Things that are here:
a +0 club; a +0 leather armour The steam dragon breathes steam at you.
The ball of steam hits you!
You die...

#####.##############.
...# #. ..#### #. ...
#. .. #. # #. #.
######### #.
#§§§@...# #######.
#D#####.# .g......
#§# #.# #######. o.#
#># #..... ...# #.#
###.###. ....# #.#
........ .....## #.#
###.###. ####.....
#.# #.......
#####.##.# #.##..#.


There were no monsters in sight!

Vanquished Creatures
  A steam dragon (D:7)
  A sky beast (D:7)
  A centaur (D:7)
  A kobold brigand (D:7)
  A gnoll bouda (D:7)
  An iguana (D:7)
  3 gnolls (D:7)
  3 adders (D:2)
  A worm (D:2)
  3 dart slugs (D:1)
  8 orcs
  4 ball pythons
  4 endoplasms
  2 giant cockroaches
  4 goblins
  A hobgoblin (D:2)
  2 jackals (D:2)
  2 quokkas (D:1)
  5 bats
  4 frilled lizards
  7 kobolds
  A rat (D:1)
  3 toadstools (D:1)
63 creatures vanquished.

Vanquished Creatures (others)
  A sky beast (D:7)
  An orc (D:7)
  13 fungi (D:1)
15 creatures vanquished.

Grand Total: 78 creatures vanquished

Notes
Turn   | Place    | Note
-------+----------+-------------------------------------------
     0 | D:1      | sircluck the Armataur Fighter began the quest for the Orb.
     0 | D:1      | Reached XP level 1. HP: 19/19 MP: 1/1
   291 | D:1      | Reached skill level 4 in Armour
   291 | D:1      | Reached XP level 2. HP: 24/26 MP: 2/2
  1266 | D:2      | Reached XP level 3. HP: 32/32 MP: 3/3
  2689 | D:3      | Reached XP level 4. HP: 39/39 MP: 4/4
  2691 | D:3      | Found an opulent altar of Gozag.
  2880 | D:3      | Found a broken altar of Ashenzari.
  2930 | D:3      | Found a sparkling altar of Nemelex Xobeh.
  2958 | D:3      | Found a radiant altar of Vehumet.
  3638 | D:4      | Noticed a water moccasin
  3638 | D:4      | You are sucked into a shaft and drop 3 floors!
  3662 | D:7      | Noticed a sky beast
  3673 | D:7      | Killed a sky beast
  3674 | D:7      | Reached skill level 5 in Armour
  3674 | D:7      | Reached XP level 5. HP: 48/48 MP: 5/5
  3792 | D:7      | Reached skill level 1 in Stealth
  3795 | D:7      | Reached XP level 6. HP: 22/54 MP: 6/6
  3970 | D:7      | Noticed a steam dragon
  3970 | D:7      | Noticed a sky beast
  3978 | D:7      | Reached skill level 1 in Short Blades
  3985 | D:7      | Reached skill level 1 in Dodging
  3987 | D:7      | Reached skill level 6 in Armour
  3988 | D:7      | Killed a sky beast
  3991 | D:7      | Killed a steam dragon
  4014 | D:7      | Reached XP level 7. HP: 8/60 MP: 7/7
  4087 | D:7      | Noticed a steam dragon
  4093 | D:7      | Killed from afar by a steam dragon

Illustrated notes

Levels and vault maps discovered:
D:1:      dpeg_arrival_rooms_c, layout_basic, minmay_gold_behind_fungi
D:2:      layout_basic
D:3:      layout_basic, grunt_gozag_statues,
          mainiacjoe_overflow_small_starburst, nicolae_ashenzari_skybound,
          nemelex_altar_shiori
D:4:      layout_gridville, lemuel_blue_sif_altar, enter_ossuary_1,
          minmay_misc_feat_chi
D:7:      gammafunk_corrupted_shrine, layout_basic,
          mainiacjoe_overflow_surrounded_room, kb_rosetta

Skill      XL: |  1  2  3  4  5  6 |
---------------+-------------------+-----
Long Blades    | 2 3 |  3.3
Armour         | 4 5 6 |  6.6
Fighting       | 3 |  3.3
Shields        | 4 |  4.6
Stealth        | 1 |  1.3
Short Blades   | 1 |  1.5
Dodging        | 1 |  1.2
Evocations     | |  0.1

Action                     |  1- 3 |  4- 6 |  7- 9 || total
---------------------------+-------+-------+-------++-------
  Melee: Long sword        |   147 |       |       ||   147
         Tailslap          |    21 |    14 |     2 ||    37
         Dagger            |    13 |    67 |     6 ||    86
  Evoke: Wand              |       |     3 |       ||     3
    Use: Scroll            |     1 |       |       ||     1
         Potion            |     1 |     2 |       ||     3
 Armour: Scale mail        |   104 |    29 |     2 ||   135
  Dodge: Dodged            |    78 |    27 |     1 ||   106
  Block: Buckler           |    45 |    12 |     1 ||    58

Table legend: (Time is in decaauts)
 A = Elapsed time spent in this place.
 B = Non-inter-level travel time spent in this place.
 C = Inter-level travel time spent in this place.
 D = Time resting spent in this place.
 E = Time spent auto-exploring this place.
 F = Levels seen in this place.
 G = Mean time per level.
                   A        B        C        D        E       F      G
               +--------+--------+--------+--------+--------+-----+--------+
         Total |   4136 |   3542 |    594 |      0 |   1488 |   5 |  827.2 |
       Dungeon |   4136 |   3542 |    594 |      0 |   1488 |   5 |  827.2 |
               +--------+--------+--------+--------+--------+-----+--------+

Top non-repeatable levels by time:
     D:2: 1507 daAuts
     D:1: 1225 daAuts
     D:3: 951 daAuts
     D:7: 451 daAuts
